 Dungeon Crawl Stone Soup version 0.23.0-3-gf3c87f2 (console) character file.

Game seed: 466215298791570835

77 fly the Skirmisher (level 4, -5/49 HPs)
             Began as an Ogre Hunter on Feb 22, 2019.
             Killed by nerve-wracking pain
             ... invoked by Grinder
              (13 damage)
             ... on level 3 of the Dungeon.
             The game lasted 00:03:16 (2032 turns).

fly the Skirmisher (Ogre Hunter)                    Turns: 2032, Time: 00:03:17

Health: -5/49      AC:  3    Str: 16    XL:     4   Next: 34%
Magic:  4/4        EV: 10    Int: 12    God:
Gold:   155        SH:  0    Dex: 10    Spells: 3/3 levels left

rFire    . . .     SeeInvis .   a - +0 short sword
rCold    . . .     Gourm    .   (no shield)
rNeg     . . .     Faith    .   y - +0 robe
rPois    +         Spirit   .   (helmet restricted)
rElec    .         Reflect  .   (no cloak)
rCorr    .         Harm     .   (gloves unavailable)
MR       .....                  (boots unavailable)
Stlth    +.........             (no amulet)
HPRegen  0.16/turn              (no ring)
MPRegen  0.09/turn              s - ring of poison resistance

@: no status effects
A: large, unfitting armour, tough skin 1
a: no special abilities


You were on level 3 of the Dungeon.
You were not hungry.

You visited 1 branch of the dungeon, and saw 3 of its levels.

You collected 155 gold pieces.

Inventory:

Hand Weapons
 a - a +0 short sword (weapon)
Missiles
 d - 2 throwing nets (quivered)
 j - 4 poisoned javelins
Armour
 y - a +0 robe (worn)
Jewellery
 s - a ring of poison resistance (right hand)
Scrolls
 b - a scroll of remove curse
 k - 2 scrolls of immolation {unknown}
 l - 2 scrolls of teleportation {unknown}
 p - a scroll of random uselessness {unknown}
 q - a scroll of noise {unknown}
 r - a scroll of magic mapping {unknown}
 t - 2 scrolls of blinking {unknown}
Potions
 g - a potion of flight {unknown}
 h - a potion of invisibility {unknown}
 m - a potion of haste {unknown}
 o - a potion of curing {unknown}
Comestibles
 f - 4 rations
 n - a chunk of flesh


   Skills:
 + Level 4.6 Fighting
 - Level 4.0 Throwing
 + Level 3.1 Dodging
 - Level 0.6 Stealth


You had 3 spell levels left.
You didn't know any spells.
Your spell library was empty.

Dungeon Overview and Level Annotations

Branches:
Dungeon (3/15)

Altars:
Dithmenos

Annotations:
D:3 Grinder


Innate Abilities, Weirdness & Mutations

You are too large for most types of armour.
You have tough skin. (AC +1)


Message History

You throw a javelin. The javelin hits Grinder.
Grinder is severely wounded.
Grinder hits you!
* * * LOW HITPOINT WARNING * * *
You writhe in agony.
* * * LOW HITPOINT WARNING * * *
Okay, then.
Throwing (i - inventory. (/) - cycle)
i - 2 javelins (quivered)
Press: ? - help, Shift-Dir - straight line, f/p - Grinder
Aim: Grinder (severely wounded)
You throw a javelin. The javelin closely misses Grinder.
Grinder gestures at you. You resist with significant effort.
Throwing (i - inventory. (/) - cycle)
i - a javelin (quivered)
Press: ? - help, Shift-Dir - straight line, f/p - Grinder
Aim: Grinder (severely wounded)
You throw a javelin. The javelin barely misses Grinder.
Grinder blinks!
Grinder gestures at you. Pain shoots through your body!
You die...

############# .
##.....#.....## ..
##.............## ..[
#...............#####....
#............@.÷....(....
#.......>.....§..........
#........................
#...............(....##.#
#....................#.
##.........>.5.........
##.....#.....#..(...###
###############..###
#...########


You could see Grinder.

Vanquished Creatures
  Natasha (D:3)
  An ooze (D:2)
  A worm (D:2)
  A dart slug (D:1)
  3 leopard geckos
  5 bats
  4 goblins
  7 hobgoblins
  3 jackals (D:2)
  A quokka (D:3)
  3 frilled lizards
  3 kobolds
  6 rats
39 creatures vanquished.

Notes
Turn   | Place    | Note
-------+----------+-------------------------------------------
     0 | D:1      | fly the Ogre Hunter began the quest for the Orb.
     0 | D:1      | Reached XP level 1. HP: 22/22 MP: 1/1
   222 | D:1      | Reached XP level 2. HP: 30/31 MP: 2/2
   931 | D:2      | Reached XP level 3. HP: 22/39 MP: 3/3
  1379 | D:2      | Found a shadowy altar of Dithmenos.
  1613 | D:3      | Noticed Natasha
  1616 | D:3      | Noticed Grinder
  1625 | D:3      | Killed Natasha
  1625 | D:3      | Reached XP level 4. HP: 23/49 MP: 4/4
  2022 | D:3      | Paralysed by Grinder for 4 turns
  2032 | D:3      | Killed from afar by Grinder

Skill      XL: |  1  2  3 |
---------------+----------+-----
Fighting       | 3 4 |  4.6
Dodging        | 2 3 |  3.1
Throwing       | |  4.0
Stealth        | |  0.6

Action                   |  1- 3 |  4- 6 || total
-------------------------+-------+-------++-------
Melee: Short sword       |   107 |    18 ||   125
Throw: Javelin           |     6 |     3 ||     9
       Large rock        |     5 |     8 ||    13
       Throwing net      |     2 |       ||     2
  Use: Scroll            |     1 |       ||     1
  Eat: Chunk             |     2 |     2 ||     4
Armor: Robe              |    22 |     3 ||    25
Dodge: Dodged            |    86 |     7 ||    93
